 Dungeon Sprint DCSS version 0.30-a0-782-ge64f9170bb (webtiles) character file.

Game seed: 5616503527745470789

3433 nuthulu the Brawler (level 9, -13/101 HPs)
             Began as a Troll Berserker on Feb 23, 2023.
             Was an Elder of Trog.
             Mangled by a demonic crawler (16 damage)
             ... in the Dungeon (Sprint I: "Red Sonja").
             The game lasted 00:02:33 (616 turns).

nuthulu the Brawler (Troll Berserker)                Turns: 616, Time: 00:02:33

Health: -13/101    AC:  4    Str: 31    XL:     9   Next: 77%
Magic:  8/8        EV: 12    Int:  3    God:    Trog [****..]
Gold:   868        SH:  0    Dex:  9    Spells: 8/8 levels left

rFire   . . .      SeeInvis .      - Unarmed
rCold   . . .      Faith    .    (no shield)
rNeg    . . .      Spirit   .    a - +0 animal skin
rPois   .          Reflect  .    (helmet restricted)
rElec   .          Harm     .    (no cloak)
rCorr   .          Rampage  .    (gloves unavailable)
Will    .....      NoTele   +    (boots unavailable)
Stlth   +                        (no amulet)
HPRegen 1.16/turn                (no ring)
MPRegen 0.11/turn                (no ring)

@: no status effects
A: large, unfitting armour, claws 3, regeneration 1, shaggy fur 1, tough skin 1
a: Renounce Religion, Berserk, Trog's Hand, Brothers in Arms


You were in the Dungeon.
You worshipped Trog.
Trog was greatly pleased with you.
You visited 1 branch You collected 868 gold pieces.

Inventory:

Armour
 a - a +0 animal skin (worn)
Wands
 b - a wand of charming (18)
Scrolls
 g - 2 scrolls of blinking
Potions
 d - a potion of haste
 e - 2 potions of magic
 f - a potion of berserk rage
 h - 2 potions of curing


   Skills:
 + Level 10.2 Fighting
 + Level 11.1 Dodging
 + Level 0.2 Stealth
 + Level 15.2 Unarmed Combat


You had 8 spell levels left.
You didn't know any spells.
Your spell library was empty.

Dungeon Overview and Level Annotations

Branches:
Dungeon (1/1)

Altars:
Cheibriados
Dithmenos
Elyvilon
Fedhas
Gozag
Hepliaklqana
Kikubaaqudgha
Makhleb
Nemelex Xobeh
Okawaru
Qazlal
Ru
Sif Muna
Trog
Uskayaw
Vehumet
Wu Jian
Xom
Yredelemnul
Zin
The Shining One
Jiyva
Lugonu

Shops:
D [?[


Innate Abilities, Weirdness & Mutations

You are too large for most types of armour.
You have claws for hands.
Your natural rate of healing is unusually fast.
You are covered in fur. (AC +1)
You have tough skin. (AC +1)


Message History

a +0 dagger; a +0 robe; a kobold corpse You start waiting.
You recover from your berserk rage.
You open the door. 4 demonic crawlers come into view.
The demonic crawler gives a hideous shriek! x3
The demonic crawler misses you. The demonic crawler hits you.
The demonic crawler misses you.
There is an open door here.
The demonic crawler attacks as you move away!
The demonic crawler closely misses you. The demonic crawler hits you.
The demonic crawler barely misses you. The demonic crawler misses you.
The demonic crawler barely misses you. The demonic crawler hits you!
There is an open door here.
The demonic crawler attacks as you move away!
The demonic crawler closely misses you.
The demonic crawler barely misses you. x2
The demonic crawler attacks as you move away!
The demonic crawler hits you. The demonic crawler hits you!
The demonic crawler closely misses you. The demonic crawler misses you.
The demonic crawler hits you! x2
There is an open door, spattered with blood here.
The demonic crawler attacks as you move away!
The demonic crawler hits you! x2
* * * LOW HITPOINT WARNING * * *
The demonic crawler hits you!
* * * LOW HITPOINT WARNING * * *
There is an open door, spattered with blood here.
You see here a +0 shortbow.
Okay, then.
You feel much better.
The demonic crawler hits you but does no damage.
The demonic crawler misses you. The demonic crawler hits you!
* * * LOW HITPOINT WARNING * * *
The demonic crawler completely misses you.
The demonic crawler closely misses you. The demonic crawler hits you!
* * * LOW HITPOINT WARNING * * *
The demonic crawler attacks as you move away!
The demonic crawler hits you but does no damage.
The demonic crawler hits you!
You die...

##########################
#<.#..+).#.)'..#__#..'...#
#..+[.#..'..#.ss..s..#)..##+#
#..#####'#####s#__####)s.'..#
#..####..#...#@####§.#####..+
#..#__####..##§#§~§.§# ##
#..#_____##'#§§§§~§§.+
#⌠⌠#_.∩..÷'..._#§§§.§#
####_..__##_.#+##'####
#_____###'#.#[§..###
############.####'###(##
#∩........'.).'.....')∩#
###++++####...##########


You could see 3 demonic crawlers.

Vanquished Creatures
  2 centaur warriors (D)
  Sonja (D)
  A deep troll (D)
  2 kobold demonologists (D)
  A slime creature (D)
  Sigmund (D)
  A yak (D)
  A floating eye (D)
  An ogre (D)
  A jelly (D)
  Ijyb (D)
13 creatures vanquished.

Vanquished Creatures (others)
  2 ballistomycete spores (D)
2 creatures vanquished.

Grand Total: 15 creatures vanquished

Notes
Turn   | Place    | Note
-------+----------+-------------------------------------------
     0 | D        | nuthulu the Troll Berserker began the quest for the Orb.
     0 | D        | Reached XP level 1. HP: 22/22 MP: 0/0
     2 | D        | Noticed Ijyb
    14 | D        | Killed Ijyb
    15 | D        | Reached skill level 4 in Unarmed Combat
    15 | D        | Reached XP level 2. HP: 15/32 MP: 1/1
    50 | D        | Noticed an ogre
    55 | D        | Killed an ogre
    56 | D        | Reached skill level 6 in Unarmed Combat
    56 | D        | Reached XP level 3. HP: 34/41 MP: 2/2
    56 | D        | Reached XP level 4. HP: 41/49 MP: 3/3
    79 | D        | Noticed Sigmund
    93 | D        | Killed Sigmund
    93 | D        | Reached ** piety under Trog
    94 | D        | Reached skill level 8 in Unarmed Combat
    94 | D        | Reached XP level 5. HP: 52/59 MP: 4/4
   110 | D        | Found an ornate altar of the Wu Jian Council.
   110 | D        | Found a shimmering blue altar of Sif Muna.
   112 | D        | Found a radiant altar of Vehumet.
   117 | D        | Reached XP level 6. HP: 68/68 MP: 5/5
   119 | D        | Found Rylit's Magic Scroll Emporium.
   119 | D        | Found an ancient bone altar of Kikubaaqudgha.
   119 | D        | Found a hazy altar of Hepliaklqana.
   119 | D        | Found a stormy altar of Qazlal.
   119 | D        | Found a hide-covered altar of Uskayaw.
   119 | D        | Found a blossoming altar of Fedhas.
   119 | D        | Found a bloodstained altar of Trog.
   119 | D        | Found an iron altar of Okawaru.
   119 | D        | Found a basalt altar of Yredelemnul.
   119 | D        | Found a glowing golden altar of the Shining One.
   119 | D        | Found a snail-covered altar of Cheibriados.
   119 | D        | Found a sacrificial altar of Ru.
   119 | D        | Found a glowing silver altar of Zin.
   119 | D        | Found a shadowy altar of Dithmenos.
   119 | D        | Found a white marble altar of Elyvilon.
   119 | D        | Noticed a yak
   120 | D        | Found an opulent altar of Gozag.
   127 | D        | Killed a yak
   128 | D        | Reached skill level 9 in Unarmed Combat
   128 | D        | Found a sparkling altar of Nemelex Xobeh.
   159 | D        | Noticed Sonja
   171 | D        | Killed Sonja
   172 | D        | Reached skill level 11 in Unarmed Combat
   172 | D        | Reached XP level 7. HP: 69/81 MP: 6/6
   211 | D        | Found a burning altar of Makhleb.
   211 | D        | Found a viscous altar of Jiyva.
   211 | D        | Found a shimmering altar of Xom.
   211 | D        | Found a corrupted altar of Lugonu.
   211 | D        | Noticed a slime creature
   218 | D        | Killed a slime creature
   218 | D        | Reached *** piety under Trog
   219 | D        | Reached XP level 8. HP: 73/89 MP: 7/7
   237 | D        | Noticed a centaur warrior
   237 | D        | Noticed a centaur warrior
   254 | D        | Killed a centaur warrior
   255 | D        | Reached skill level 13 in Unarmed Combat
   259 | D        | Killed a centaur warrior
   260 | D        | Reached skill level 10 in Dodging
   260 | D        | Reached XP level 9. HP: 65/100 MP: 8/8
   325 | D        | Noticed a deep troll
   330 | D        | Killed a deep troll
   331 | D        | Reached skill level 10 in Fighting
   331 | D        | Reached skill level 14 in Unarmed Combat
   349 | D        | Found Tanashui's Armour Emporium.
   368 | D        | Found Riblus's Antique Armour Boutique.
   545 | D        | Noticed a kobold demonologist
   545 | D        | Noticed a kobold demonologist
   547 | D        | Paralysed by a floating eye for 3 turns
   551 | D        | Killed a kobold demonologist
   551 | D        | Reached **** piety under Trog
   557 | D        | Killed a kobold demonologist
   558 | D        | Reached skill level 15 in Unarmed Combat
   603 | D        | Noticed a demonic crawler
   603 | D        | Noticed a demonic crawler
   603 | D        | Noticed a demonic crawler
   603 | D        | Noticed a demonic crawler
   615 | D        | HP: 3/101 [demonic crawler (13)]
   616 | D        | Mangled by a demonic crawler

Illustrated notes

Levels and vault maps discovered:
D:        dungeon_sprint_1 [red_sonja_temple_1, red_sonja_temple_small_1]

Skill      XL: |  1  2  3  4  5  6  7  8  9 |
---------------+----------------------------+-----
Fighting       | 3 4 6 8 9 10 | 10.2
Dodging        | 3 4 6 8 10 11 | 11.1
Unarmed Combat | 4 6 8 11 13 15 | 15.2
Stealth        | |  0.2

Action                     |  1- 3 |  4- 6 |  7- 9 || total
---------------------------+-------+-------+-------++-------
  Melee: Unarmed           |    10 |    20 |    29 ||    59
         Punch             |     2 |     1 |     2 ||     5
 Invoke: Berserk           |     2 |     1 |     2 ||     5
         Trog's Hand       |       |     1 |     1 ||     2
    Use: Potion            |     1 |       |     1 ||     2
         Scroll            |       |       |     2 ||     2
 Armour: Animal skin       |       |     3 |     8 ||    11
  Dodge: Dodged            |     3 |    11 |    41 ||    55

Table legend: (Time is in decaauts)
 A = Elapsed time spent in this place.
 B = Non-inter-level travel time spent in this place.
 C = Inter-level travel time spent in this place.
 D = Time resting spent in this place.
 E = Time spent auto-exploring this place.
 F = Levels seen in this place.
 G = Mean time per level.
                   A        B        C        D        E       F      G
               +--------+--------+--------+--------+--------+-----+--------+
         Total |    643 |    643 |      0 |    289 |      0 |   1 |  643.0 |
       Dungeon |    643 |    643 |      0 |    289 |      0 |   1 |  643.0 |
               +--------+--------+--------+--------+--------+-----+--------+

Top non-repeatable levels by time:
       D: 643 daAuts
